 Dungeon Crawl Stone Soup version 0.29-a0-338-g1ff7896281 (webtiles) character file.

Game seed: 15576699357800829691

102 spaghetti the Caller (level 4, -6/34 (36) HPs)
             Began as a Deep Dwarf Summoner on Apr 19, 2022.
             Mangled by Crazy Yiuf
             ... wielding a +2 quarterstaff of chaos
              (17 damage)
             ... on level 2 of the Dungeon.
             The game lasted 00:06:26 (2567 turns).

spaghetti the Caller (Deep Dwarf Summoner)          Turns: 2567, Time: 00:06:27

HP:   -6/34 (36)    AC:  2    Str: 11    XL:     4   Next: 49%
MP:   1/6           EV: 12    Int: 18    God:
Gold: 128           SH:  0    Dex: 13    Spells: 1/7 levels left

rFire   . . .      SeeInvis .   h - +0 short sword {short}
rCold   . . .      Faith    .   (no shield)
rNeg    . . .      Spirit   .   a - +0 robe
rPois   .          Reflect  .   (no helmet)
rElec   .          Harm     .   (no cloak)
rCorr   .          Rampage  .   (no gloves)
Will    .....                   (no boots)
Stlth   ++........              (no amulet)
HPRegen 0.00/turn               (no ring)
MPRegen 0.10/turn               (no ring)

@: lethally poisoned (-6 -> -6), drained
A: damage resistance, heal wounds, sense surroundings 1, no regeneration
a: Heal Wounds


You were on level 2 of the Dungeon.
You visited 1 branch of the dungeon, and saw 2 of its levels.

You collected 128 gold pieces.


Innate Abilities, Weirdness & Mutations

You are resistant to damage.
You can heal yourself by infusing magical energy.
You passively map a small area around you.
You do not regenerate.


   Skills:
 - Level 2.1 Dodging
 - Level 2.4 Stealth
 * Level 2.4 Spellcasting
 + Level 4.4 Summonings
 + Level 1.7 Air Magic


You had one spell level left.
You knew the following spells:

 Your Spells              Type           Power      Damage    Failure   Level
a - Summon Small Mammal   Summ           72%        N/A       2%          1
b - Call Imp              Summ           18%        N/A       4%          2
c - Call Canine Familiar  Summ           18%        N/A       9%          3

Your spell library contained the following spells:

 Spells                   Type           Power      Damage    Failure   Level
 Summon Guardian Golem    Hex/Summ       10%        N/A       22%         3
 Summon Lightning Spire   Summ/Air       13%        N/A       43%         4

Inventory:

Hand Weapons
 d - a +0 club {mace}
   (You found it on level 1 of the Dungeon)
 h - a +0 short sword (weapon) {short}
   (You took it off a kobold on level 1 of the Dungeon)
Missiles
 c - 38 stones {throwing}
Armour
 a - a +0 robe (worn)
 e - the +2 kite shield of the Okapi {Slay+2}
   (You found it on level 2 of the Dungeon)

   Slay:      It affects your accuracy & damage with ranged weapons and melee
   (+2).
Magical Staves
 p - a staff of cold {!astaff}
   (You found it on level 2 of the Dungeon)
Scrolls
 f - a scroll of magic mapping {unknown}
 k - a scroll of acquirement {unknown}
 m - a scroll of immolation {unknown}
 o - a scroll of torment {unknown}
 q - a scroll of teleportation {unknown}
Potions
 b - a potion of magic
 l - a potion of heal wounds {@q2}
 n - a potion of haste {unknown}
 r - a potion of might {unknown}

Dungeon Overview and Level Annotations

Branches:
Dungeon (2/15)

Altars:
Okawaru

Annotations:
D:2 Crazy Yiuf

.#.##......# ... #.......≈#..
.#.#####.#+# *#5# #.###..†≈#..
.#.# #.#.# #g## #.# #..≈8#..
.#.#####'#.# ##.# #.# ##.≈≈###
.#........)# #.## #.# #..≈###
.#.........# ##.# #.#####..#..
.#>........# ##5## #...........
.##........# ##g..# #..#........
..........## #.@rb# #..#........
.#........<# #....# #..'........
.#........######..#####.#........
.#.........h......#.#.#.#........
.#...............##.#.#.#........
##.####....5...####.#.#.####'##..
.........#####........#.####.##..
.........##########.###.#........
........................#.##.####


You could see Crazy Yiuf (ally target), a friendly crimson imp (summoned), a
friendly bat (summoned) and a friendly rat (summoned).


Message History

😕 HP[-14]
You now have 36 max hp (-18).
Unknown command.
Unknown command.
Unknown command.
Unknown command.
Casting: Call Imp (safe; 4% risk of failure)
Confirm with . or Enter, or press ? or * to list all spells.
😕 MP[-3]
You lost 3 mp, and now have 3/6 mp.
Casting: Call Canine Familiar (dangerous; 9% risk of failure)
Confirm with . or Enter, or press ? or * to list all spells.
A beastly little devil appears in a puff of flame.
Your crimson imp says, "Let's cause destruction!" 😕 MP[-2]
You lost 2 mp, and now have 1/6 mp.
Crazy Yiuf twirls on the spot.
You open the door.
You swap places.
Crazy Yiuf attacks as you move away! Crazy Yiuf closely misses you.
Crazy Yiuf hits your crimson imp with a +2 quarterstaff of chaos.
Your crimson imp barely misses Crazy Yiuf.
You swap places.
Crazy Yiuf hits your crimson imp with a +2 quarterstaff of chaos.
Your crimson imp hits Crazy Yiuf but does no damage.
What are your orders? t - Shout!
Orders for allies: a - Attack new target. r - Retreat! s - Stop attacking. g - Guard the area. f - Follow me.
Anything else - Cancel.
Gang up on whom?
Press: ? - help, Dir - move target, f - Crazy Yiuf
Aim: Crazy Yiuf, wielding a +2 quarterstaff of chaos and wearing a +0 cloak (ally target) Attack!
Crazy Yiuf hits your crimson imp with a +2 quarterstaff of chaos.
Your crimson imp blinks!
Crazy Yiuf closely misses your hound.
Your hound closely misses Crazy Yiuf.
Your crimson imp blinks!
Your hound barely misses Crazy Yiuf.
Crazy Yiuf hits your hound with a +2 quarterstaff of chaos!
Crazy Yiuf drains your hound.
Your hound closely misses Crazy Yiuf.
Your crimson imp closely misses Crazy Yiuf.
Crazy Yiuf cries, "Leather!"
Crazy Yiuf barely misses your hound.
Your hound barely misses Crazy Yiuf.
Your crimson imp misses Crazy Yiuf. 😕 MP[+1]
Your hound closely misses Crazy Yiuf.
Crazy Yiuf hits your hound with a +2 quarterstaff of chaos!
Crazy Yiuf burns your hound.
Your hound dies!
Your hound's corpse disappears in a puff of smoke!
Your crimson imp completely misses Crazy Yiuf.
Crazy Yiuf screams, "Lugonu!
Papa alas sing."
Casting: Call Imp (safe; 4% risk of failure)
Confirm with . or Enter, or press ? or * to list all spells.
😕 MP[-1]
You lost 1 mp, and now have 1/6 mp.
Casting: Summon Small Mammal (safe; 2% risk of failure)
Confirm with . or Enter, or press ? or * to list all spells.
Your bat hits Crazy Yiuf but does no damage. 😕 MP[-1]
You lost 1 mp, and now have 0/6 mp.
You hit Crazy Yiuf.
Your bat barely misses Crazy Yiuf.
Crazy Yiuf closely misses you.
Your crimson imp hits Crazy Yiuf but does no damage.
You completely miss Crazy Yiuf. Your bat hits Crazy Yiuf.
Crazy Yiuf barely misses you.
Your crimson imp closely misses Crazy Yiuf. 😕 MP[+1]
You barely miss Crazy Yiuf.
Your bat hits Crazy Yiuf but does no damage.
Crazy Yiuf closely misses you.
Your crimson imp hits Crazy Yiuf.
Your rat bites Crazy Yiuf but does no damage.
You hit Crazy Yiuf.
Your bat hits Crazy Yiuf but does no damage.
Your bat hits Crazy Yiuf.
Crazy Yiuf hits you with a +2 quarterstaff of chaos!
You are poisoned.
Your crimson imp hits Crazy Yiuf but does no damage.
Your rat bites Crazy Yiuf.
Crazy Yiuf hits you with a +2 quarterstaff of chaos!
* * * LOW HITPOINT WARNING * * *
You feel drained. 😨 HP[-18]
You now have 34 max hp (-2).
You take 18 damage, and now have 11/34 hp.
MASSIVE DAMAGE!! (PAUSE) Unknown command.
Unknown command.
You hit Crazy Yiuf.
Your bat barely misses Crazy Yiuf.
Your crimson imp closely misses Crazy Yiuf.
Your rat bites Crazy Yiuf.
Crazy Yiuf barely misses you.
You barely miss Crazy Yiuf.
Your bat completely misses Crazy Yiuf.
Your crimson imp closely misses Crazy Yiuf.
Your rat barely misses Crazy Yiuf.
Crazy Yiuf says, "Tosser head sanguine!"
Crazy Yiuf hits you with a +2 quarterstaff of chaos!!
Ouch! That really hurt!
You die...

Skill      XL: |  1  2  3 |
---------------+----------+-----
Summonings     | 4 |  4.4
Air Magic      | 1 |  1.7
Spellcasting   | 2 |  2.4
Dodging        | |  2.1
Stealth        | |  2.4

Action                   |  1- 3 |  4- 6 || total
-------------------------+-------+-------++-------
Melee: Unarmed           |     3 |       ||     3
       Short sword       |    37 |    16 ||    53
 Cast: Summon Small Mamm |    53 |     2 ||    55
       Call Imp          |    18 |     3 ||    21
       Call Canine Famil |       |     2 ||     2
 Abil: Heal Wounds       |     2 |       ||     2
  Use: Potion            |     1 |     4 ||     5
 Stab: Distracted        |     1 |       ||     1
Armor: Robe              |    13 |     6 ||    19
Dodge: Dodged            |    50 |    17 ||    67

Levels and vault maps discovered:
D:1:      co_arrival_square_in_a_square_in_a_square, layout_loops_ring
D:2:      layout_basic, basic_altar, moated_statue, uniq_crazy_yiuf_cottage,
          uniq_natasha

Notes
Turn   | Place    | Note
-------+----------+-------------------------------------------
     0 | D:1      | spaghetti the Deep Dwarf Summoner began the quest for the
                  | Orb.
     0 | D:1      | Reached XP level 1. HP: 15/15 MP: 3/3
     0 | D:1      | magus.rc [v1.9.6]
   414 | D:1      | Reached XP level 2. HP: 17/22 MP: 0/4
   417 | D:1      | Learned a level 2 spell: Call Imp
  1101 | D:2      | Reached skill level 4 in Summonings
  1101 | D:2      | Reached skill level 1 in Air Magic
  1303 | D:2      | Reached XP level 3. HP: 22/28 MP: 2/5
  1668 | D:2      | Found an iron altar of Okawaru.
  1971 | D:2      | Found a runed translucent door.
  1972 | D:2      | Noticed Crazy Yiuf
  2089 | D:2      | Noticed Natasha
  2122 | D:2      | HP: 3/28 [Natasha (6)]
  2129 | D:2      | HP: 5/28 [Natasha (6)]
  2134 | D:2      | Killed Natasha
  2135 | D:2      | Reached skill level 2 in Spellcasting
  2135 | D:2      | Reached XP level 4. HP: 18/36 MP: 3/6
  2155 | D:2      | Identified the +2 kite shield of the Okapi {Slay+2}
  2200 | D:2      | Learned a level 3 spell: Call Canine Familiar
  2350 | D:2      | Noticed Natasha
  2383 | D:2      | Killed Natasha
  2567 | D:2      | Mangled by Crazy Yiuf

Vanquished Creatures
  Natasha (twice) (D:2)
  An adder (D:2)
  A quokka (D:2)
  A ball python (D:1)
  2 bats (D:2)
  A frilled lizard (D:2)
  A goblin (D:2)
  A rat (D:2)
10 creatures vanquished.

Vanquished Creatures (collateral kills)
  An adder (D:2)
  A worm (D:2)
  A dart slug (D:2)
  2 ball pythons (D:2)
  2 bats
  An endoplasm (D:1)
  A giant cockroach (D:1)
  4 goblins
  3 hobgoblins
  2 kobolds (D:1)
  A quokka (D:1)
  A rat (D:1)
20 creatures vanquished.

Grand Total: 30 creatures vanquished

Table legend:
 A = Non-vault XP
 B = Vault XP
 C = Vault XP percentage of total XP
 D = Non-vault monster count
 E = Vault monster count
 F = Vault count percentage of total count
                 A         B        C        D         E       F
            +---------+---------+-------+---------+---------+-------
      Total |     109 |      37 |  25.3 |      29 |       1 |   3.3
            +---------+---------+-------+---------+---------+-------
        D:1 |      21 |       0 |   0.0 |      12 |       0 |   0.0
        D:2 |      88 |      37 |  29.6 |      17 |       1 |   5.6
            +---------+---------+-------+---------+---------+-------

Illustrated notes

Table legend:
 A = Kills in this place as a percentage of kills in entire the game.
 B = Kills by you in this place as a percentage of kills by you in the entire game.
 C = Kills by friends in this place as a percentage of kills by friends in the entire game.
 D = Other kills in this place as a percentage of other kills in the entire game.
 E = Experience gained in this place as a percentage of experience gained in the entire game.
 F = Experience gained in this place divided by the number of levels of this place that you have seen.
                   A       B       C       D       E      F
               +-------+-------+-------+-------+-------+----------------------
         Total | 100.0 | 100.0 | 100.0 |   N/A | 100.0 |  73.0
       Dungeon | 100.0 | 100.0 | 100.0 |   N/A | 100.0 |  73.0
               +-------+-------+-------+-------+-------+----------------------

Table legend: (Time is in decaauts)
 A = Elapsed time spent in this place.
 B = Non-inter-level travel time spent in this place.
 C = Inter-level travel time spent in this place.
 D = Time resting spent in this place.
 E = Time spent auto-exploring this place.
 F = Levels seen in this place.
 G = Mean time per level.
                   A        B        C        D        E       F      G
               +--------+--------+--------+--------+--------+-----+--------+
         Total |   2627 |   2601 |     26 |    339 |   1757 |   2 | 1313.5 |
       Dungeon |   2627 |   2601 |     26 |    339 |   1757 |   2 | 1313.5 |
               +--------+--------+--------+--------+--------+-----+--------+

Top non-repeatable levels by time:
     D:2: 1533 daAuts
     D:1: 1093 daAuts
